 Dungeon Crawl Stone Soup version 0.22-a0-445-g8c8ef71 (webtiles) character file.

508 incide the Chopper (level 7, -1/54 HPs)
             Began as a Human Wanderer on June 2, 2018.
             Slain by a centaur skeleton (3 damage)
             ... on level 4 of the Dungeon.
             The game lasted 00:07:27 (4377 turns).

incide the Chopper (Human Wanderer)                 Turns: 4377, Time: 00:07:28

Health: -1/54      AC:  5    Str: 11    XL:     7   Next: 42%
Magic:  7/7        EV: 14    Int: 14    God:
Gold:   151        SH:  0    Dex: 14    Spells: 6/6 levels left

rFire    + . .     SeeInvis .   k - +0 war axe
rCold    . . .     Gourm    +   (no shield)
rNeg     . . .     Faith    .   g - +2 leather armour {rF+}
rPois    .         Spirit   .   (no helmet)
rElec    .         Reflect  .   (no cloak)
rCorr    .         Harm     .   (no gloves)
MR       .....                  (no boots)
Stlth    ++........             r - amulet of the gourmand
HPRegen  0.18/turn              v - ring of stealth
MPRegen  0.10/turn              (no ring)

@: no status effects
A: no striking features
a: no special abilities


You were on level 4 of the Dungeon.
You were very full.

You visited 1 branch of the dungeon, and saw 4 of its levels.

You collected 151 gold pieces.

Inventory:

Hand Weapons
 b - a +0 hand axe
 d - a +0 dagger
 h - a +0 short sword
 k - a +0 war axe (weapon)
 l - a +0 war axe
 m - a +0 hunting sling
 q - a +1 dagger of speed
 t - a +3 short sword
 x - a +1 whip of freezing
Missiles
 n - 63 stones (quivered)
 w - a throwing net
Armour
 g - a +2 leather armour of fire resistance (worn)
 A - a +1 ring mail of fire resistance
Jewellery
 r - an amulet of the gourmand (around neck)
 v - a ring of stealth (left hand)
Wands
 a - a wand of paralysis (9)
Scrolls
 c - 3 scrolls of teleportation
 e - a scroll of immolation {unknown}
 i - 4 scrolls of identify {unknown}
 o - a scroll of enchant armour {unknown}
 p - 5 scrolls of remove curse {unknown}
 u - 2 scrolls of magic mapping {unknown}
 y - a scroll of blinking {unknown}
Potions
 j - 3 potions of might
 s - 2 potions of curing
Comestibles
 f - 5 rations


   Skills:
 - Level 4.0 Fighting
 - Level 5.0(5.1) Axes
 - Level 1.0(3.2) Maces & Flails
 - Level 1.0 Throwing
 - Level 2.0 Armour
 + Level 4.7 Dodging
 - Level 1.0 Evocations


You had 6 spell levels left.
You didn't know any spells.
Your spell library was empty.

Dungeon Overview and Level Annotations

Branches:
Dungeon (4/15)
 Temple: D:4-7

Altars:
Trog

Annotations:
D:2 2 transporters


Message History

The centaur skeleton hits you.
* * * LOW HITPOINT WARNING * * *
You hit the centaur skeleton.
The centaur skeleton is heavily damaged.
The centaur skeleton closely misses you.
The centaur skeleton completely misses you.
You hit the centaur skeleton.
The centaur skeleton is severely damaged.
The centaur skeleton closely misses you.
You hit the centaur skeleton but do no damage.
The centaur skeleton is severely damaged.
The centaur skeleton hits you!
* * * LOW HITPOINT WARNING * * *
The centaur skeleton barely misses you.
You hit the centaur skeleton.
The centaur skeleton is severely damaged.
The centaur skeleton hits you.
* * * LOW HITPOINT WARNING * * *
The centaur skeleton hits you.
You die...

#####
...# ...#
#..# #..#
#..# +Z)#
#.@# #..#
##+###..#
.)......#
#######.#
#####..#
#.....##
#.[.#.###
... #...#


You could see a centaur skeleton.

Vanquished Creatures
  A scorpion (D:4)
  2 orc priests (D:4)
  A hound (D:4)
  4 orc wizards
  An iguana (D:4)
  Natasha (D:2)
  A worker ant (D:4)
  3 gnolls (D:3)
  5 adders
  3 leopard geckos
  8 orcs
  A ball python (D:3)
  5 bats
  7 giant cockroaches
  6 hobgoblins
  11 jackals
  2 quokkas (D:3)
  4 frilled lizards
  13 goblins
  11 kobolds
  12 rats
102 creatures vanquished.

Notes
Turn   | Place    | Note
-------+----------+-------------------------------------------
     0 | D:1      | incide the Human Wanderer began the quest for the Orb.
     0 | D:1      | incide set off with: a wand of paralysis (15), a +0 ring mail, a scroll of teleportation, a +0 dagger, a ration
     0 | D:1      | Reached XP level 1. HP: 18/18 MP: 1/1
   260 | D:1      | Reached XP level 2. HP: 23/24 MP: 2/2
   699 | D:1      | Reached skill level 4 in Fighting
   699 | D:1      | Reached XP level 3. HP: 26/30 MP: 3/3
  1536 | D:2      | Reached skill level 3 in Axes
  1536 | D:2      | Reached XP level 4. HP: 35/37 MP: 4/4
  1756 | D:2      | Found a transporter.
  1760 | D:2      | Found a transporter.
  1773 | D:2      | Noticed a bullfrog
  1777 | D:2      | Found a bloodstained altar of Trog.
  1868 | D:2      | Noticed Natasha
  1872 | D:2      | Killed Natasha
  2363 | D:3      | Reached XP level 5. HP: 42/42 MP: 5/5
  2404 | D:3      | Reached skill level 4 in Axes
  2410 | D:3      | HP: 7/42 [gnoll/club (10)]
  2507 | D:3      | Found a faded altar of an unknown god.
  2563 | D:3      | Reached skill level 5 in Axes
  2674 | D:3      | Reached XP level 6. HP: 48/48 MP: 6/6
  2782 | D:3      | Reached skill level 1 in Dodging
  2879 | D:4      | HP: 6/48 [orc wizard/magic dart (7)]
  2881 | D:3      | HP: 2/48 [orc wizard/dagger (4)]
  2887 | D:3      | HP: 5/48 [orc wizard/dagger (2)]
  3261 | D:3      | Reached skill level 2 in Dodging
  3382 | D:4      | Reached skill level 3 in Dodging
  3699 | D:4      | Reached XP level 7. HP: 28/54 MP: 7/7
  3885 | D:4      | Reached skill level 4 in Dodging
  4372 | D:4      | HP: 10/54 [centaur skeleton (7)]
  4376 | D:4      | HP: 3/54 [centaur skeleton (7)]
  4377 | D:4      | Slain by a centaur skeleton

Vault maps used:
D:1:      matt_arrival_debris
D:2:      gammafunk_temple_overflow_arena, uniq_natasha
D:3:      first_ration, chequers_ecumenical_altar_simple_redux
D:4:      lemuel_doored_altar

Skill      XL: |  1  2  3  4  5  6  7 |
---------------+----------------------+-----
Fighting       | 4 |  4.0
Axes           | 3 5 |  5.0
Dodging        | 3 4 |  4.7
Maces & Flails | |  1.0
Throwing       | |  1.0
Armour         | |  2.0
Evocations     | |  1.0

Action                   |  1- 3 |  4- 6 |  7- 9 || total
-------------------------+-------+-------+-------++-------
Melee: Short sword       |    58 |    83 |       ||   141
       Dagger            |    25 |    11 |       ||    36
       Hand axe          |    45 |       |       ||    45
       War axe           |       |   101 |    60 ||   161
Evoke: Wand              |       |     6 |       ||     6
  Use: Potion            |     2 |     4 |       ||     6
 Stab: Sleeping          |     2 |     4 |     1 ||     7
       Paralysed         |       |     4 |       ||     4
       Distracted        |       |     2 |       ||     2
  Eat: Chunk             |     1 |    22 |     2 ||    25
Armor: Ring mail         |    29 |       |       ||    29
       Leather armour    |    33 |    62 |    18 ||   113
Dodge: Dodged            |    66 |   108 |    41 ||   215

Table legend:
 A = Spawn XP
 B = Non-spawn XP
 C = Spawn XP percentage of total XP
 D = Spawn monster count
 E = Non-spawn monster count
 F = Spawn count percentage of total count
 G = Total turns spent on level
                    A         B        C        D         E        F      G
               +---------+---------+-------+---------+---------+-------+---------
         Total |       0 |     726 |   0.0 |       0 |     102 |   0.0 |  4377
               +---------+---------+-------+---------+---------+-------+---------
           D:1 |       0 |      29 |   0.0 |       0 |      19 |   0.0 |   751
           D:2 |       0 |      91 |   0.0 |       0 |      28 |   0.0 |  1399
           D:3 |       0 |     229 |   0.0 |       0 |      39 |   0.0 |  1090
           D:4 |       0 |     377 |   0.0 |       0 |      16 |   0.0 |  1137
               +---------+---------+-------+---------+---------+-------+---------
